 Dungeon Crawl Stone Soup version 0.31-a0-259-g771a54ca4b (webtiles) character file.

Game seed: 9897620722362930454

147 qw the Shooter (level 5, -1/44 HPs)
             Began as a Minotaur Hexslinger on July 13, 2023.
             Slain by Menkaure (9 damage)
             ... on level 4 of the Dungeon.
             The game lasted 00:01:08 (2544 turns).

qw the Shooter (Minotaur Hexslinger)                Turns: 2544, Time: 00:01:08

Health: -1/44      AC:  5    Str: 19    XL:     5   Next: 7%
Magic:  5/5        EV: 11    Int: 10    God:
Gold:   90         SH:  0    Dex: 14    Spells: 5/6 levels left

rFire   . . .        Y - +2 sling
rCold   . . .        (no shield)
rNeg    . . .        d - +0 ring mail
rPois   .            (helmet restricted)
rElec   .            (no cloak)
rCorr   .            (no gloves)
SInv    .            (no boots)
Will    .....        (no amulet)
Stlth   +            e - +6 ring of strength
HPRegen 0.27/turn    (no ring)
MPRegen 0.09/turn

%: no passive effects
@: about to teleport
A: horns 2, retaliatory headbutt
a: no special abilities


You were on level 4 of the Dungeon.
You visited 1 branch of the dungeon, and saw 4 of its levels.

You collected 201 gold pieces.
You spent 111 gold pieces at shops.


Innate Abilities, Weirdness & Mutations

You have a pair of horns on your head.
You reflexively headbutt those who attack you in melee.


   Skills:
 + Level 2.9 Fighting
 - Level 5.2 Ranged Weapons
 - Level 0.4 Armour
 - Level 2.1 Dodging
 - Level 1.0 Spellcasting
 - Level 2.0 Hexes


You had 5 spell levels left.
You knew the following spells:

 Your Spells              Type           Power      Damage    Failure   Level
a - Slow                  Hex            16%        N/A       26%         1

Your spell library contained the following spells:

 Spells                   Type           Power      Damage    Failure   Level
 Inner Flame              Hex/Fire       2%         N/A       75%         3
 Portal Projectile        Hex/Tloc       4%         N/A       75%         3
 Cause Fear               Hex            2%         N/A       95%         4

Inventory:

Hand Weapons
 Y - a +2 sling (weapon)
Armour
 d - a +0 ring mail (worn)
Jewellery
 e - a +6 ring of strength (left hand)
 j - an amulet of the acrobat
Scrolls
 c - a scroll of teleportation
 i - 2 scrolls of identify
Potions
 a - 4 potions of curing
 b - a potion of resistance
 f - a potion of heal wounds
 g - a potion of mutation {unknown}
 h - a potion of invisibility {unknown}

Dungeon Overview and Level Annotations

Branches:
Dungeon (4/15)
 Temple: D:4-7

Altars:
Dithmenos
Trog

Shops:
D:1 [?   D:2 !*:[*

Annotations:
D:4 3 runed translucent doors, 2 transporters, Menkaure; qw's ghost, novice GrHs


Message History

Enter note:
Enter note:
Enter note:
Enter note:
Enter note:
Enter note:
Enter note:
Enter note:
Enter note:
Enter note:
Enter note:
Enter note:
Enter note:
Enter note:
Enter note:
Enter note:
Enter note: You shoot a sling bullet.
The sling bullet hits Menkaure but does no damage.
You shoot a sling bullet. The sling bullet hits Menkaure.
Menkaure is moderately damaged.
You shoot a sling bullet. The sling bullet hits Menkaure.
Menkaure is heavily damaged.
You shoot a sling bullet.
The sling bullet hits Menkaure but does no damage.
Menkaure is heavily damaged.
Menkaure casts a spell.
Menkaure seems to speed up.
You shoot a sling bullet. The sling bullet hits Menkaure.
Menkaure is heavily damaged.
Menkaure hits you.
You shoot a sling bullet. The sling bullet hits Menkaure.
Menkaure is severely damaged.
Menkaure casts a spell at you. Pain shoots through your body!
Menkaure hits you!
2544 ||| READING 2 scrolls of teleportation.
As you read the scroll of teleportation, it crumbles to dust.
You feel strangely unstable. Menkaure hits you!
You die...

#....#.. #....'..
+....#.. #+### #....#..
##...########....#..
....#...........#..
...+...........'..
#######M##...........#..
#......@...........#####
#..................# 0..
#..................#....
#..................#..#.
#....###########..^#0.^!
#....# ........#..#..#.
#....# ........#..#....
#....# ........#..#.0..
#....# ...####'#..#####


You could see Menkaure (fast).

Vanquished Creatures
  An iguana (D:4)
  4 adders
  3 dart slugs (D:1)
  4 orcs
  5 endoplasms
  4 giant cockroaches
  5 goblins
  8 hobgoblins
  3 jackals (D:2)
  12 kobolds
  A quokka (D:3)
  7 ball pythons
  4 bats
  8 frilled lizards
  4 rats
73 creatures vanquished.

Notes
Turn   | Place    | Note
-------+----------+-------------------------------------------
     0 | D:1      | qw the Minotaur Hexslinger began the quest for the Orb.
     0 | D:1      | Reached XP level 1. HP: 16/16 MP: 1/1
     0 | D:1      | 0 ||| qw: Version: 0.3-a-52-g30416fa
     0 | D:1      | 0 ||| qw: Game counter: 6955
     0 | D:1      | 0 ||| qw: Melee chars always use a shield: true
     0 | D:1      | 0 ||| qw: God list: Okawaru
     0 | D:1      | 0 ||| qw: Allow faded altars: false
     0 | D:1      | 0 ||| qw: Do Orc after clearing Dungeon:15 true
     0 | D:1      | 0 ||| qw: Do second Lair branch before Depths: true
     0 | D:1      | 0 ||| qw: Lair rune preference: random
     0 | D:1      | 0 ||| qw: Goals: Normal
     0 | D:1      | 0 ||| PLANNING D:1-11
    70 | D:1      | HP: 4/16 [ball python (2)]
   206 | D:1      | Found Cacsoin's Armour Shoppe.
   216 | D:1      | 216 ||| SHOPLISTING +0 pair of boots (58 gold, have 37).
   216 | D:1      | 216 ||| SHOPLISTING +0 pair of boots of flying (149 gold,
                  | have 37).
   298 | D:1      | Reached skill level 3 in Ranged Weapons
   306 | D:1      | Reached XP level 2. HP: 15/23 MP: 2/2
   375 | D:1      | 375 ||| Stepping ~*~*~tactically~*~*~ (outnumbered).
   390 | D:1      | 390 ||| FLEEEEING.
   391 | D:1      | 391 ||| FLEEEEING.
   394 | D:1      | 394 ||| FLEEEEING.
   395 | D:1      | 395 ||| FLEEEEING.
   396 | D:1      | 396 ||| FLEEEEING.
   399 | D:1      | 399 ||| FLEEEEING.
   400 | D:1      | 400 ||| FLEEEEING.
   502 | D:1      | Reached XP level 3. HP: 25/29 MP: 3/3
   705 | D:1      | Found Ugepaemy's Magic Scroll Emporium.
   709 | D:1      | 709 ||| BUYING scroll of identify (26 gold).
   709 | D:1      | Bought a scroll of identify for 26 gold pieces
   709 | D:1      | 709 ||| BUYING scroll of identify (26 gold).
   709 | D:1      | Bought a scroll of identify for 26 gold pieces
   709 | D:1      | 709 ||| SHOPLISTING scroll of identify (26 gold, have 20).
   709 | D:1      | 709 ||| SHOPLISTING scroll of teleportation (39 gold, have
                  | 20).
   828 | D:1      | 828 ||| UPGRADING to +0 ring mail.
   838 | D:1      | 838 ||| DROPPING +0 robe.
   839 | D:1      | 839 ||| READING scroll labelled TYH KOBBERAE.
   844 | D:1      | 844 ||| READING scroll labelled HISHEQ TUOL.
   845 | D:1      | 845 ||| READING 3 scrolls of identify.
   845 | D:1      | 845 ||| IDENTIFYING inky potion
   846 | D:1      | 846 ||| READING 2 scrolls of identify.
   846 | D:1      | 846 ||| IDENTIFYING bubbling purple potion
   847 | D:1      | 847 ||| DROPPING scroll of poison.
   848 | D:1      | 848 ||| DROPPING potion of degeneration.
   849 | D:1      | 849 ||| DROPPING potion of lignification.
   873 | D:2      | Found Ycileot's Antique Armour Boutique.
   885 | D:2      | 885 ||| STAIRDANCE
   900 | D:2      | 900 ||| SHOPLISTING pair of boots (117 gold, have 31).
   900 | D:2      | 900 ||| SHOPLISTING pair of runed gloves (195 gold, have
                  | 31).
   904 | D:2      | Found a shadowy altar of Dithmenos.
   959 | D:2      | Found Hicoj's Assorted Antiques.
   969 | D:2      | 969 ||| SHOPLISTING glowing copper ring (115 gold, have
                  | 37).
   969 | D:2      | 969 ||| SHOPLISTING orcbow (80 gold, have 37).
   969 | D:2      | 969 ||| SHOPLISTING runed bone wand (92 gold, have 37).
   969 | D:2      | 969 ||| BUYING scroll labelled MINUKE KA LEO (23 gold).
   969 | D:2      | Bought a scroll labelled MINUKE KA LEO for 23 gold pieces
  1053 | D:2      | Found Fenlerph's Book Emporium.
  1150 | D:2      | Reached skill level 4 in Ranged Weapons
  1202 | D:2      | Found Momesm's General Store.
  1221 | D:2      | Found Kaejot's Distillery.
  1230 | D:2      | 1230 ||| SHOPLISTING 2 potions of cancellation (192 gold,
                  | have 46).
  1230 | D:2      | 1230 ||| SHOPLISTING potion of cancellation (96 gold, have
                  | 46).
  1230 | D:2      | 1230 ||| BUYING potion of curing (36 gold).
  1230 | D:2      | Bought a potion of curing for 36 gold pieces
  1230 | D:2      | 1230 ||| SHOPLISTING potion of curing (36 gold, have 10).
  1337 | D:2      | 1337 ||| UPGRADING to +6 ring of strength.
  1338 | D:2      | 1338 ||| READING scroll labelled MINUKE KA LEO.
  1339 | D:2      | 1339 ||| READING scroll labelled NUCIWN TOARUIM.
  1340 | D:2      | 1340 ||| READING scroll labelled MOUZIB MEFAOCKA.
  1341 | D:2      | 1341 ||| READING scroll labelled XEOTTU YKERI.
  1537 | D:3      | Reached XP level 4. HP: 36/36 MP: 4/4
  1761 | D:3      | Found a bloodstained altar of Trog.
  1765 | D:3      | 1765 ||| READING scroll labelled CAJETE ILOASEL.
  1766 | D:3      | 1766 ||| DRINKING 2 fuming red potions.
  1767 | D:3      | 1767 ||| READING 2 scrolls of identify.
  1767 | D:3      | 1767 ||| IDENTIFYING bubbling puce potion
  1856 | D:4      | Found a runed translucent gate.
  1856 | D:4      | Found a runed translucent gate.
  1856 | D:4      | Found a runed translucent gate.
  1859 | D:4      | Noticed qw's ghost (novice GrHs)
  1875 | D:4      | Reached skill level 5 in Ranged Weapons
  2028 | D:4      | Reached XP level 5. HP: 32/42 MP: 5/5
  2158 | D:4      | Found a transporter.
  2467 | D:4      | Found a transporter.
  2537 | D:4      | Noticed Menkaure
  2543 | D:4      | HP: 8/44 [Menkaure (14)]
  2544 | D:4      | 2544 ||| READING 2 scrolls of teleportation.
  2544 | D:4      | Slain by Menkaure

Levels and vault maps discovered:
D:1:      spicycebolla_arrival_ecumenical, layout_loops_ring, serial_shops,
          shop, nicolae_shop_back_alley_shop, minmay_circled_x
D:2:      layout_rooms, serial_shops, nicolae_lakefront_shop, shop,
          nicolae_shop_industrial_runoff, shop, shop, basic_altar,
          minmay_misc_feat_enclosed
D:3:      layout_rooms, lightli_temple_of_fire, chequers_decorated_corner
D:4:      gammafunk_cloud_chamber, layout_gridville, minitemple,
          gammafunk_ghost_split, uniq_menkaure

Skill      XL: |  1  2  3  4 |
---------------+-------------+-----
Ranged Weapons | 3 4 5 |  5.2
Fighting       | 2 |  2.9
Armour         | |  0.4
Dodging        | |  2.1
Spellcasting   | |  1.0
Hexes          | |  2.0

Action                     |  1- 3 |  4- 6 || total
---------------------------+-------+-------++-------
   Fire: Sling             |   152 |    93 ||   245
    Use: Scroll            |     8 |     3 ||    11
         Potion            |       |     1 ||     1
 Armour: Robe              |     8 |       ||     8
         Ring mail         |    11 |    16 ||    27
  Dodge: Dodged            |    57 |    21 ||    78

Table legend:
 A = Non-vault XP
 B = Vault XP
 C = Vault XP percentage of total XP
 D = Non-vault monster count
 E = Vault monster count
 F = Vault count percentage of total count
                 A         B        C        D         E       F
            +---------+---------+-------+---------+---------+-------
      Total |     198 |      12 |   5.7 |      69 |       4 |   5.5
            +---------+---------+-------+---------+---------+-------
        D:1 |      42 |      12 |  22.2 |      26 |       4 |  13.3
        D:2 |      27 |       0 |   0.0 |       9 |       0 |   0.0
        D:3 |      31 |       0 |   0.0 |      18 |       0 |   0.0
        D:4 |      98 |       0 |   0.0 |      16 |       0 |   0.0
            +---------+---------+-------+---------+---------+-------
